cohdb
Replays
Latest Replays
All Replays
Popular Replays
Top Player Replays
Match Explorer
How It Works
Community
CoH3 Stats
Reddit
Sign in to upload your games and track your stats! →
Sign in with Steam
Match 43186281
Unlisted
Match 43186281
Overview
Messages
Build Orders
End
Kradschützen Motorcycle Team
Panzergrenadier Squad
Panzergrenadier Squad
Construct Light Support Kompanie
Fire Support Elements
Panzerjäger Squad
Flakvierling Half-track
le.IG 18 Mechanized Group
Flakvierling Half-track
Pak 38 Anti-tank Gun Team
Construct Panzerarmee Kommand
Panzerjäger Squad
Vehicle Survival Package
Walking Stuka Rocket Launcher
Walking Stuka Rocket Launcher
Selects Armored Support Battlegroup
Selects Veteran Gunners
Selects Salvage Kits
Selects Panzer Storm
Flak 36 Anti-tank Gun Team
Panzer III L Medium Tank
Panzer III L Medium Tank
Tungsten Core Ammunition
Armored Reserves
Emergency Repair Kits
Selects Stuka Anti-tank Loiter
Selects Flammpanzer III Medium Tank
Stuka Anti-tank Loiter
Panzer III L Medium Tank
Tiger Heavy Tank
matrix4x4
掐住橙猫猫的头左右摇
SirHot
matthewloveplaygame
Pepsl都能可乐
G R E G ~
화살소리
我是党员我先跳
0
0
Comments
sign in to comment!
No comments posted yet!